Map: [ESL] Waterfall

Players

Neeb - Winner!

  • Race: Protoss Protoss
  • Spawn Location: 1:00

Astrea

  • Race: Protoss Protoss
  • Spawn Location: 7:00

Event: DreamHack SC2 Masters 2022 Atlanta (Online)

VOD

Have the link to the VOD?

Description

Time

  • Played on: Oct. 15, 2022, 4:54 p.m.
  • Length: 15:08

All games in this series

Show
View Real Time Build Order
Export as new Build Order

Neeb Protoss - Winner!

Build Orders: 1 Gate Expand 

Get SALT Encoding   

  12  0:00  Probe  
  13  0:12  Probe  
  14  0:17  Pylon  
  14  0:24  Probe (Chrono Boost)  
  15  0:36  Probe (Chrono Boost)  
  15  0:37  Gateway  
  16  0:45  Probe (Chrono Boost)  
  16  0:46  Assimilator  
  17  0:50  Probe  
  18  1:03  Probe  
  19  1:15  Probe  
  20  1:23  Nexus  
  20  1:32  Cybernetics Core  
  20  1:36  Probe  
  21  1:42  Assimilator  
  21  1:48  Probe  
  21  1:51  Pylon  
  22  2:00  Probe (Chrono Boost)  
  23  2:08  Warp Gate (Chrono Boost)  
  23  2:09  Stalker (Chrono Boost)  
  23  2:12  Probe (Chrono Boost)  
  26  2:17  Probe (Chrono Boost)  
  26  2:21  Gateway  
  28  2:34  Shield Battery  
  28  2:35  Adept (Chrono Boost)  
  28  2:45  Probe  
  28  2:57  Probe, Stalker (Chrono Boost)  
  28  3:00  Probe  
  30  3:09  Probe  
  30  3:12  Stalker (Chrono Boost)  
  33  3:15  Probe  
  32  3:20  Stalker  
  32  3:24  Probe  
  35  3:28  Probe  
  35  3:32  Twilight Council  
  36  3:37  Probe (Chrono Boost)  
  38  3:45  Probe (Chrono Boost)  
  38  3:48  Probe (Chrono Boost)  
  39  3:50  Sentry  
  39  3:53  Probe x2 (Chrono Boost)  
  42  3:59  Stalker  
  42  4:02  Blink (Chrono Boost)  
  44  4:04  Probe x2  
  46  4:15  Pylon  
  46  4:20  Probe  
  45  4:25  Probe  
  46  4:32  Dark Shrine  
  46  4:33  Probe  
  46  4:38  Probe  
  48  4:40  Nexus  
  47  4:47  Stalker  
  47  4:48  Probe  
  47  4:50  Probe  
  50  4:58  Stalker  
  52  5:00  Probe  
  52  5:02  Probe  
  52  5:03  Pylon  
  54  5:17  Pylon  
  54  5:21  Probe x2  
  56  5:25  Shield Battery  
  56  5:29  Stalker x2  
  56  5:33  Probe x2  
  56  5:34  Pylon  
  62  5:44  Pylon  
  62  5:45  Probe x2  
  62  5:49  Pylon  
  64  5:52  Dark Templar  
  64  5:56  Probe (Chrono Boost)  
  65  5:57  Probe (Chrono Boost)  
  65  5:59  Dark Templar  
  65  6:01  Probe (Chrono Boost)  
  65  6:03  Forge  
  69  6:08  Probe x2 (Chrono Boost)  
  72  6:12  Probe (Chrono Boost)  
  72  6:13  Probe x2 (Chrono Boost)  
  73  6:21  Probe  
  73  6:22  Probe  
  73  6:23  Probe  
  73  6:25  Gateway  
  76  6:28  Gateway  
  76  6:30  Gateway  
  76  6:32  Gateway  
  74  6:34  Stalker x2  
  74  6:47  Protoss Ground Weapons Level 1 (Chrono Boost)  
  74  6:53  Probe x3  
  73  6:55  Photon Cannon  
  73  6:57  Stalker, Pylon  
  73  7:00  Stalker  
  75  7:03  Assimilator  
  75  7:04  Assimilator  
  75  7:05  Probe x3  
  75  7:06  Pylon  
  78  7:10  Photon Cannon  
  78  7:12  Photon Cannon  
  78  7:15  Pylon  
  78  7:17  Probe  
  78  7:21  Probe x2  
  81  7:25  Stalker  
  81  7:26  Stalker  
  84  7:30  Stalker  
  84  7:34  Charge  
  84  7:38  Probe x3  
  84  7:42  Stalker  
  88  7:47  Stalker  
  88  7:50  Nexus  
  90  7:53  Pylon  
  90  7:58  Stalker  
  92  8:04  Stalker  
  94  8:08  Pylon  
  94  8:09  Gateway, Stalker  
  96  8:12  Gateway  
  96  8:16  Robotics Facility  
  96  8:17  Pylon  
  96  8:19  Pylon  
  96  8:20  Pylon  
  96  8:22  Stalker  
  96  8:24  Probe x3  
  101  8:27  Zealot  
  103  8:35  Zealot x4  
  103  8:36  Probe x3  
  103  8:39  Protoss Ground Weapons Level 2 (Chrono Boost)  
  112  8:48  Probe x2  
  114  8:52  Stalker x2  
  112  8:55  Dark Templar  
  112  8:56  Zealot  
  112  8:57  Zealot x2  
  112  9:02  Probe  
  115  9:09  Stalker x2  
  119  9:10  Probe x2  
  119  9:12  Photon Cannon  
  119  9:13  Shield Battery  
  121  9:17  Stalker x2, Pylon  
  125  9:28  Zealot x4  
  125  9:30  Observer (Chrono Boost)  
  134  9:39  Stalker x2  
  134  9:44  Stalker x2  
  134  9:45  Gateway  
  142  9:47  Gateway  
  142  9:49  Immortal (Chrono Boost)  
  142  9:52  Zealot x3  
  152  9:53  Probe  
  152  9:57  Zealot  
  153  10:12  Zealot x4  
  159  10:15  Stalker x3  
  159  10:18  Immortal (Chrono Boost)  
  167  10:31  Zealot  
  167  10:34  Nexus  
  167  10:35  Pylon  
  169  10:39  Stalker  
  169  10:40  Stalker x2  
  157  10:53  Immortal (Chrono Boost)  
  159  11:01  Stalker x5  
  139  11:19  Probe (Chrono Boost)  
  139  11:21  Stalker x3  
  139  11:22  Probe (Chrono Boost)  
  139  11:23  Probe (Chrono Boost)  
  139  11:24  Assimilator  
  139  11:25  Assimilator  
  148  11:31  Probe (Chrono Boost)  
  149  11:36  Observer (Chrono Boost), Probe x2 (Chrono Boost)  
  151  11:41  Probe, Stalker x4  
  151  11:42  Zealot  
  151  11:44  Photon Cannon  
  151  11:46  Probe  
  163  11:49  Probe x2  
  165  11:56  Zealot x3  
  163  12:04  Zealot x5  
  145  12:19  Stalker x3  
  145  12:21  Immortal  
  133  12:29  Zealot x5  
  139  12:41  Robotics Bay  
  139  12:43  Robotics Facility  
  139  12:44  Stalker x3  
  135  13:01  Stalker x5  
  129  13:07  Observer  
  103  13:21  Stalker x3  
  103  13:22  Probe x2  
  103  13:23  Probe x2  
  103  13:26  Stalker x5  
  119  13:28  Observer  
  120  13:41  Nexus  
  120  13:46  Stalker x3  
  125  13:58  Stalker x5  
  125  13:59  Nexus  
  120  14:10  Stalker x3  
  120  14:14  Pylon  
  119  14:26  Stalker x5  
  122  14:45  Photon Cannon  
  109  14:46  Shield Battery, Photon Cannon  
  109  14:47  Shield Battery  
  107  14:56  Probe  
  99  15:01  Pylon  
Show
View Real Time Build Order
Export as new Build Order

Astrea Protoss 

Build Orders: Oracle Opening 

Get SALT Encoding   

  12  0:00  Probe  
  13  0:12  Probe  
  14  0:18  Pylon  
  14  0:24  Probe (Chrono Boost)  
  15  0:37  Probe (Chrono Boost), Gateway  
  16  0:45  Probe (Chrono Boost)  
  16  0:46  Assimilator  
  17  0:51  Probe  
  17  0:55  Assimilator  
  18  1:03  Probe (Chrono Boost)  
  19  1:06  Pylon  
  19  1:12  Probe (Chrono Boost)  
  19  1:17  Probe (Chrono Boost)  
  20  1:25  Cybernetics Core  
  21  1:29  Probe  
  22  1:34  Zealot  
  24  1:41  Probe  
  24  1:45  Pylon  
  26  2:01  Adept (Chrono Boost)  
  26  2:04  Stargate  
  26  2:07  Probe  
  28  2:09  Warp Gate  
  28  2:23  Adept  
  28  2:25  Pylon  
  30  2:51  Oracle  
  30  3:05  Nexus  
  28  3:20  Probe  
  28  3:25  Oracle (Chrono Boost)  
  29  3:32  Probe  
  29  3:33  Twilight Council  
  31  3:42  Gateway  
  31  3:44  Probe  
  31  3:48  Gateway  
  32  3:54  Shield Battery  
  32  3:56  Probe  
  33  4:05  Blink (Chrono Boost)  
  33  4:08  Probe  
  34  4:18  Probe  
  35  4:28  Probe  
  37  4:31  Probe  
  37  4:32  Stalker  
  39  4:40  Probe  
  39  4:44  Probe  
  41  4:52  Probe  
  42  4:53  Stalker  
  42  4:54  Stalker  
  42  4:55  Stalker  
  42  4:58  Probe  
  49  5:04  Probe  
  50  5:07  Pylon  
  50  5:10  Probe  
  51  5:20  Stalker  
  53  5:23  Nexus  
  53  5:28  Pylon  
  53  5:31  Stalker  
  53  5:33  Stalker  
  57  5:41  Shield Battery, Pylon  
  57  5:44  Probe x2  
  57  5:49  Stalker  
  61  5:56  Probe  
  62  5:57  Probe  
  62  6:00  Stalker x2  
  67  6:08  Probe  
  68  6:14  Stalker  
  70  6:19  Probe  
  70  6:23  Probe  
  72  6:31  Probe, Stalker x2  
  76  6:35  Probe  
  75  6:47  Probe  
  75  6:50  Charge (Chrono Boost), Probe  
  75  6:53  Probe  
  74  6:59  Probe  
  75  7:01  Stalker x3  
  75  7:02  Probe  
  75  7:05  Probe, Forge  
  75  7:08  Pylon  
  83  7:11  Probe  
  83  7:14  Probe  
  85  7:16  Pylon  
  85  7:19  Gateway  
  85  7:22  Gateway  
  85  7:24  Pylon  
  85  7:26  Gateway, Probe  
  86  7:33  Probe  
  86  7:34  Stalker x3  
  86  7:36  Protoss Ground Weapons Level 1 (Chrono Boost)  
  90  7:41  Probe x2  
  92  7:46  Probe  
  92  7:50  Gateway  
  93  7:51  Assimilator  
  93  7:52  Assimilator  
  93  7:53  Probe x2  
  93  7:58  Probe  
  96  7:59  Stalker x3  
  96  8:01  Photon Cannon  
  103  8:05  Pylon  
  103  8:06  Pylon  
  103  8:11  Nexus  
  102  8:16  Stalker  
  104  8:24  Assimilator  
  104  8:27  Probe  
  104  8:28  Robotics Facility  
  104  8:30  Stalker  
  104  8:33  Zealot x4  
  112  8:40  Stalker  
  114  8:45  Probe  
  114  8:46  Probe  
  116  9:01  Stalker x2  
  116  9:02  Stalker x4  
  124  9:06  Probe  
  125  9:11  Pylon  
  125  9:14  Pylon  
  125  9:15  Pylon  
  125  9:23  Shield Battery, Observer (Chrono Boost), Probe x3, Photon Cannon, Pylon  
  129  9:30  Probe  
  129  9:31  Photon Cannon  
  129  9:32  Protoss Ground Weapons Level 2 (Chrono Boost)  
  129  9:42  Stalker x5  
  139  9:51  Observer, Pylon x2  
  139  9:52  Stalker  
  142  9:53  Stalker  
  142  9:59  Probe  
  145  10:06  Probe x3  
  143  10:16  Stalker x6  
  143  10:17  Stalker  
  143  10:20  Probe  
  154  10:25  Probe x2  
  146  10:52  Pylon  
  146  10:54  Pylon  
  146  10:55  Pylon  
  142  10:57  Pylon  
  142  11:00  Stalker  
  142  11:01  Stalker x3  
  137  11:06  Nexus  
  137  11:07  Stalker x2  
  134  11:13  Observer (Chrono Boost)  
  125  11:25  Stalker  
  125  11:26  Stalker x4  
  135  11:36  Pylon  
  135  11:38  Immortal (Chrono Boost)  
  135  11:41  Stalker x2  
  143  11:49  Stalker x3  
  143  11:50  Stalker x2  
  153  11:54  Pylon  
  143  12:05  Probe  
  143  12:07  Stalker x2  
  136  12:14  Stalker x5  
  111  12:28  Immortal (Chrono Boost)  
  104  12:30  Stalker x2  
  104  12:34  Probe x2  
  104  12:35  Probe x2  
  116  12:39  Stalker x5  
  126  12:46  Pylon  
  121  13:00  Observer  
  96  13:07  Stalker x7  
  98  13:15  Probe  
  98  13:17  Probe  
  82  13:31  Stalker  
  82  13:32  Nexus, Stalker x2  
  88  13:40  Stalker x2  
  92  13:51  Stalker x2  
  71  14:12  Stalker x5  
  63  14:35  Stalker x2  
  63  14:36  Stalker  
  63  14:38  Stalker x2  
Tags
 
Add a new tag
Caveats
  • Supply blocks, unpowered buildings, or Contaminate may cause inaccurate times.
  • Supply counts are checked every 10 seconds.